 Dungeon Crawl Stone Soup version 0.30.1-11-g7821555f0a (webtiles) character file.

Game seed: 7347015442276704368

1327 Gumption the Spear-Bearer (level 8, -7/109 HPs)
             Began as a Hill Orc Monk on Nov 10, 2023.
             Mangled by a manticore (14 damage)
             ... on level 7 of the Dungeon.
             The game lasted 00:51:07 (8727 turns).

Gumption the Spear-Bearer (Hill Orc Monk)           Turns: 8727, Time: 00:51:08

Health: -7/109     AC: 22    Str: 22    XL:     8   Next: 60%
Magic:  8/8        EV:  9    Int: 10    God:
Gold:   935        SH:  0    Dex: 19    Spells: 7/7 levels left

rFire   x . .        a - +1 halberd
rCold   + . .        (shield currently unavailable)
rNeg    . . .        J - +10 chain mail of the Heron {Will+ Str+3}
rPois   +            (no helmet)
rElec   .            (no cloak)
rCorr   .            n - +1 pair of gloves of Valiance {rPois Dex+3 Slay-3}
SInv    .            (no boots)
Will    ++++.        (no amulet) Stlth
                     q - ring of the Equinox {Ice rPois Will+++ Str-3 Dex+3}
HPRegen 0.38/turn    l - +6 ring of strength
MPRegen 0.11/turn

%: no passive effects
@: berserking, spiked, very quick
A: no striking features
a: no special abilities


You were on level 7 of the Dungeon.
You visited 2 branches of the dungeon, and saw 8 of its levels.

You collected 1299 gold pieces.
You spent 364 gold pieces at shops.

Inventory:

Hand Weapons
 a - a +1 halberd (weapon)
 b - a +1 antimagic sling
 H - a +0 whip of venom
Missiles
 g - 85 stones
 m - 6 poisoned darts
 A - 4 boomerangs (quivered)
 I - a throwing net
Armour
 n - the +1 pair of gloves of Valiance (worn) {rPois Dex+3 Slay-3}
   (You found it on level 3 of the Dungeon)

   Dex:       It affects your dexterity (+3).
   Slay:      It affects your accuracy & damage with ranged weapons and melee
   (-3).
   rPois:     It protects you from poison.
 w - an orb of light
 J - the +10 chain mail of the Heron (worn) {Will+ Str+3}
   (You found it on level 5 of the Dungeon)

   Str:       It affects your strength (+3).
   Will:      It increases your willpower.
Jewellery
 d - a ring of flight
 h - a ring of willpower
 l - a +6 ring of strength (right hand)
 q - the ring of the Equinox (left hand) {Ice rPois Will+++ Str-3 Dex+3}
   (You found it on level 6 of the Dungeon)

   [ring of ice]

   It enhances your ice magic.
   Str:       It affects your strength (-3).
   Dex:       It affects your dexterity (+3).
   rF:        It makes you vulnerable to fire.
   rC:        It protects you from cold.
   rPois:     It protects you from poison.
   Will:      It greatly increases your willpower.
 G - a ring of poison resistance
Scrolls
 e - 2 scrolls of amnesia
 j - a scroll of magic mapping
 k - 2 scrolls of silence
 p - a scroll of enchant weapon
 r - a scroll of identify
 t - 8 scrolls of teleportation
 v - a scroll of immolation
 z - 2 scrolls of butterflies
 B - a scroll of fear
 C - a scroll of enchant armour
 K - a scroll of blinking
Potions
 c - a potion of ambrosia
 f - a potion of mutation
 o - a potion of heal wounds
 s - 5 potions of curing
 u - 3 potions of invisibility
 x - a potion of flight
 E - a potion of attraction
 F - a potion of haste


   Skills:
 + Level 7.1 Fighting
 * Level 8.6 Polearms
 + Level 5.3 Armour
 - Level 2.4 Dodging


You had 7 spell levels left.
You didn't know any spells.
Your spell library contained the following spells:

 Spells                   Type           Power      Damage    Failure   Level
 Slow                     Hex            0%         N/A       92%         1
 Confusing Touch          Hex            0%         N/A       100%        3
 Vampiric Draining        Necr           0%         2d6       100%        3


Dungeon Overview and Level Annotations

Branches:
Dungeon (7/15)             Temple (1/1) D:4

Altars:
Ashenzari
Cheibriados
Dithmenos
Elyvilon
Fedhas
Gozag
Hepliaklqana
Makhleb
Nemelex Xobeh
Okawaru
Ru
Sif Muna
Trog
Uskayaw
Wu Jian
Xom
Zin

Shops:
D:4 *   D:5 ?   D:7 ?


Message History

The volley of spikes hits you!
The barbed spikes become lodged in your body.
Throw: 4 boomerangs
Press: ? - help, Q - select action, (/) - cycle Shift-Dir - straight line, f/p - manticore
Aim: a manticore (71% to hit)
You throw a boomerang.
The boomerang barely misses the manticore.
Reach: a) +1 halberd
Press: ? - help, Dir - move target, f/p - manticore
Aim: a manticore (about 29% to evade your +1 halberd)
You reach to attack!
You barely miss the manticore.
The manticore flicks its tail.
The volley of spikes hits you but does no damage.
Reach: a) +1 halberd
Press: ? - help, Dir - move target, f/p - manticore
Aim: a manticore (about 29% to evade your +1 halberd)
You reach to attack!
You completely miss the manticore.
The manticore flicks its tail.
The volley of spikes hits you!!
The barbed spikes become lodged in your body.
* * * LOW HITPOINT WARNING * * *
The manticore flicks its tail.
The volley of spikes hits you.
The barbed spikes become lodged in your body.
* * * LOW HITPOINT WARNING * * *
You feel much better.
You hit the manticore but do no damage.
The manticore bites you but does no damage.
The manticore claws you. The manticore misses you.
You barely miss the manticore. The manticore bites you!
* * * LOW HITPOINT WARNING * * *
The manticore claws you but does no damage. x2
You slash the manticore!
The manticore is lightly wounded.
The manticore closely misses you. The manticore claws you!
* * * LOW HITPOINT WARNING * * *
The manticore claws you but does no damage.
A red film seems to cover your vision as you go berserk!
You feel yourself moving faster!
You feel mighty! The manticore bites you!
You die...

..... ... ... ... ### #.#
#...###.### >......H..#
.......@..#
#######.#######
##...###'####..####
..........#.....#.#
..........#.....'.## ###
##...##'###'######.# #.#
#...##..##....###.####.#
#.......................#
+............<...)......#


You could see a manticore.

Vanquished Creatures
  Edmund (D:5)
  A water moccasin (D:6)
  A sky beast (D:6)
  An ogre (D:6)
  A phantom (D:5)
  A scorpion (D:5)
  A hound (D:5)
  A jelly (D:5)
  3 gnoll boudas
  Natasha (thrice) (D:3)
  3 iguanas
  5 orc wizards
  18 gnolls
  8 adders
  3 shadow imps
  3 worms
  A dart slug (D:3)
  13 orcs
  11 ball pythons
  3 bats
  6 endoplasms
  3 giant cockroaches
  9 goblins
  4 hobgoblins
  3 kobolds
  3 quokkas
  7 frilled lizards
  3 rats
120 creatures vanquished.

Notes
Turn   | Place    | Note
-------+----------+-------------------------------------------
     0 | D:1      | Gumption the Hill Orc Monk began the quest for the Orb.
     0 | D:1      | Reached XP level 1. HP: 19/19 MP: 1/1
   201 | D:1      | Reached XP level 2. HP: 25/27 MP: 2/2
   912 | D:2      | Reached skill level 1 in Armour
  1037 | D:2      | You fall into a shaft and drop 1 floor!
  1114 | D:3      | Identified the +1 pair of gloves of Valiance {rPois Dex+3
                  | Slay-3}
  1136 | D:3      | Reached skill level 4 in Polearms
  1136 | D:3      | Reached XP level 3. HP: 32/33 MP: 3/3
  1681 | D:2      | Found a bloodstained altar of Trog.
  2091 | D:2      | Reached XP level 4. HP: 40/40 MP: 4/4
  2722 | D:3      | Noticed Natasha
  2740 | D:3      | Killed Natasha
  2741 | D:3      | Reached XP level 5. HP: 24/47 MP: 5/5
  2847 | D:3      | Found a faded altar of an unknown god.
  2866 | D:3      | Reached skill level 5 in Polearms
  3012 | D:3      | Noticed Natasha
  3020 | D:3      | Killed Natasha
  3249 | D:3      | Noticed Natasha
  3271 | D:3      | Killed Natasha
  3919 | D:4      | Reached skill level 5 in Fighting
  3919 | D:4      | Reached XP level 6. HP: 22/56 MP: 6/6
  4045 | D:4      | Found a white marble altar of Elyvilon.
  4561 | D:4      | Found a broken altar of Ashenzari.
  4564 | D:4      | Found an opulent altar of Gozag.
  4579 | D:4      | Found an ornate altar of the Wu Jian Council.
  4582 | D:4      | Found a burning altar of Makhleb.
  4683 | D:4      | Found a staircase to the Ecumenical Temple.
  4706 | Temple   | Entered the Ecumenical Temple
  4803 | D:4      | Found a shimmering altar of Xom.
  4806 | D:4      | Found a hide-covered altar of Uskayaw.
  4831 | D:4      | Found Pogass's General Store.
  4843 | D:4      | Bought a scroll of fear for 40 gold pieces
  4843 | D:4      | Bought a potion of curing for 30 gold pieces
  5170 | D:5      | Entered Level 5 of the Dungeon
  5188 | D:4      | Reached skill level 6 in Polearms
  5526 | D:5      | Reached XP level 7. HP: 49/62 MP: 7/7
  6087 | D:5      | Noticed Edmund
  6101 | D:5      | Killed Edmund
  6102 | D:5      | Reached skill level 7 in Polearms
  6165 | D:5      | Found Oskunin's Magic Scroll Boutique.
  6481 | D:5      | Reached XP level 8. HP: 69/71 MP: 8/8
  6511 | D:5      | Identified the +10 chain mail of the Heron {Will+ Str+3}
  7013 | D:5      | Bought a scroll of identify for 22 gold pieces
  7013 | D:5      | Bought a scroll of identify for 22 gold pieces
  7013 | D:5      | Bought a scroll of identify for 22 gold pieces
  7013 | D:5      | Bought a scroll of identify for 22 gold pieces
  7013 | D:5      | Bought a scroll of identify for 22 gold pieces
  7013 | D:5      | Bought a scroll of identify for 22 gold pieces
  7472 | D:6      | Identified the ring of the Equinox {Ice rPois Will+++ Str-3
                  | Dex+3}
  7780 | D:6      | Found a hazy altar of Hepliaklqana.
  7841 | D:6      | Reached skill level 8 in Polearms
  8127 | D:6      | Reached skill level 5 in Armour
  8257 | D:7      | Noticed a manticore
  8536 | D:7      | Found a blossoming altar of Fedhas.
  8594 | D:7      | Found Epa Xubb's Magic Scroll Shoppe.
  8605 | D:7      | Bought 3 scrolls of identify for 72 gold pieces
  8605 | D:7      | Bought a scroll of blinking for 90 gold pieces
  8606 | D:7      | Identified a scroll of acquirement
  8612 | D:7      | Acquired 914 gold pieces
  8722 | D:7      | HP: 2/73 [manticore/volley of spikes (4)]
  8727 | D:7      | Mangled by a manticore

Illustrated notes

Levels and vault maps discovered:
D:1:      elethiomel_arrival_infinity_welcomes_careful_drivers, layout_basic,
          hangedman_decor_peaks_small
D:2:      layout_basic, basic_altar
D:3:      layout_basic, nicolae_ecumenical_snake_handling, uniq_natasha
D:4:      layout_basic, elyvilon_altar_1, grunt_temple_overflow_cloverleaf,
          grunt_temple_overflow_open, minmay_temple_entry_trees, serial_shops,
          shop, minmay_misc_feat_tiny
D:5:      layout_layer_cave, serial_shops, kennysheep_little_box,
          hangedman_abyss_or_decor_stabs, uniq_edmund
D:6:      layout_basic, worldfamousw_hep_ancestral_shrine, serial_curves,
          eino_curves_02, eino_curves_03, eino_curves_04
D:7:      lemuel_ice_statue, layout_gridville,
          lemuel_zombie_altar_kikubaaqudgha, grunt_qazlal_clouds,
          fedhas_altar_3, serial_shops, nicolae_shop_tiny_waterfront,
          nicolae_shop_tiny_glass, nicolae_shop_peninsula
Temple:   nicolae_temple_colour_theory

Skill      XL: |  1  2  3  4  5  6  7  8 |
---------------+-------------------------+-----
Armour         | 1 2 3 4 5 |  5.3
Fighting       | 4 5 6 7 |  7.1
Polearms       | 4 5 6 7 8 |  8.6
Dodging        | |  2.4

Action                     |  1- 3 |  4- 6 |  7- 9 || total
---------------------------+-------+-------+-------++-------
  Melee: Spear             |   111 |       |       ||   111
         Halberd           |    11 |   237 |   224 ||   472
   Fire: Sling             |    12 |       |       ||    12
  Throw: Stone             |     1 |       |       ||     1
         Boomerang         |       |       |     7 ||     7
    Use: Scroll            |       |     8 |    11 ||    19
         Potion            |       |       |     2 ||     2
 Armour: Ring mail         |    22 |    64 |       ||    86
         Robe              |     3 |       |       ||     3
         Chain mail        |       |    42 |   171 ||   213
  Dodge: Dodged            |    54 |   124 |   106 ||   284
